 Dungeon Crawl Stone Soup version 0.31.0-32-g396128a36d (webtiles) character file.

Game seed: 4981199142863349154

43 Yerba the Grave Robber (level 3, -1/19 HPs)
             Began as a Deep Elf Necromancer on Apr 6, 2024.
             Succumbed to Crazy Yiuf's poison
             ... on level 2 of the Dungeon.
             The game lasted 00:10:21 (2912 turns).

Yerba the Grave Robber (Deep Elf Necromancer)       Turns: 2912, Time: 00:10:21

Health: -1/19      AC:  3    Str:  5    XL:     3   Next: 37%
Magic:  18/19      EV: 12    Int: 21    God:
Gold:   66         SH:  0    Dex: 15    Spells: 7/10 levels left

rFire   . . .        d - +1 dagger (protect)
rCold   . . .        (no shield)
rNeg    . . .        a - +0 robe
rPois   .            c - +1 hat
rElec   .            (no cloak)
rCorr   .            (no gloves)
SInv    .            (no boots)
Will    .....        (no amulet)
Stlth   ++           k - ring of magical power
HPRegen 0.23/turn    (no ring)
MPRegen 0.16/turn

%: no passive effects
@: lethally poisoned (-1 -> -21)
A: no striking features
a: no special abilities


You were on level 2 of the Dungeon.
You visited 1 branch of the dungeon, and saw 2 of its levels.

You collected 66 gold pieces.

Inventory:

Hand Weapons
 d - a +1 dagger of protection (weapon)
 m - a +2 dagger of venom
Missiles
 f - 3 boomerangs (quivered)
Armour
 a - a +0 robe (worn)
 c - a +1 hat (worn)
 e - an orb of guile
 j - a +0 kite shield
Jewellery
 k - a ring of magical power (left hand)
Scrolls
 g - a scroll of amnesia {unknown}
 l - 3 scrolls of teleportation {unknown}
 o - a scroll of blinking {unknown}
 p - a scroll of noise {unknown}
 q - a scroll of enchant armour {unknown}
 r - a scroll of fog {unknown}
 s - a scroll of revelation {unknown}
Potions
 b - a potion of magic
 h - a potion of heal wounds {unknown}
 i - a potion of resistance {unknown}
 n - 3 potions of curing {unknown}


   Skills:
 + Level 2.5 Dodging
 + Level 2.5 Stealth
 + Level 4.0 Spellcasting
 + Level 0.3 Conjurations
 + Level 5.5 Necromancy
 + Level 0.3 Translocations


You had 7 spell levels left.
You knew the following spells:

 Your Spells              Type           Power      Damage    Failure   Level
a - Necrotise             Necr           100%       1d9       1%          1
b - Momentum Strike       Conj/Tloc      10%        3d8       16%         2

Your spell library contained the following spells:

 Spells                   Type           Power      Damage    Failure   Level
 Vampiric Draining        Necr           27%        2d7       3%          3
 Animate Dead             Necr           27%        N/A       12%         4
 Stone Arrow              Conj/Erth      8%         3d7       34%         3
 Curse of Agony           Necr           27%        N/A       34%         5
 Fire Storm               Conj/Fire      2%         8d1       100%        9


Dungeon Overview and Level Annotations

Branches:
Dungeon (2/15)

Altars:
Uskayaw

Annotations:
D:2 Crazy Yiuf


Message History

The dart slug writhes in agony.
You kill the dart slug!
You start resting.
You are no longer robbed of momentum.
You start resting.
Your kobold skeleton crumbles into dust!
Magic restored.
You start waiting.
Done waiting.
Found 13 gold pieces.
You see here a +0 club.
Found 2 scrolls labelled ATIGOKK FYFUL.
You see here a +0 ring mail.
You see here an adder corpse.
You start waiting.
Done waiting.
Things that are here:
a +0 dagger; 4 stones
l - 3 scrolls labelled ATIGOKK FYFUL (gained 2)
You now have 66 gold pieces (gained 13).
Found a stone staircase leading up.
There is a stone staircase leading down here.
Things that are here:
a +0 whip; a stone
Found a runed translucent door.
Crazy Yiuf shouts!
Crazy Yiuf flaps his cloak.
You open the door.
Casting: Necrotise (safe; 1% risk of failure)
Confirm with . or Enter, or press ? or * to list all spells.
Aiming: Necrotise (safe; 1% risk of failure)
Press: ? - help, Shift-Dir - straight line, f - Crazy Yiuf
Aim: Crazy Yiuf, wielding a +4 quarterstaff of chaos and wearing a +0 cloak (chance to affect: 88%) Crazy Yiuf writhes in agony!
Crazy Yiuf attacks as he pursues you!
Crazy Yiuf hits you with a +4 quarterstaff of chaos!
Ouch! That really hurt!
* * * LOW HITPOINT WARNING * * *
You are lethally poisoned!
You die...

######## ######## ### ###.#....##
..#....# #...##.@#......###
.......# #...'g####.......#
.......# #)..### ##....#.#
.......# ### ######.### .)รท....#
###...## ...>...# #......##
[......###### ######.......###
..............####............##.
).......(..# .................##.


You could see Crazy Yiuf.

Vanquished Creatures
  An adder (D:2)
  A dart slug (D:2)
  2 ribbon worms (D:2)
  4 endoplasms
  2 giant cockroaches
  3 goblins
  2 hobgoblins (D:2)
  A ball python (D:1)
  3 bats
  2 frilled lizards (D:1)
  5 kobolds
26 creatures vanquished.

Notes
Turn   | Place    | Note
-------+----------+-------------------------------------------
     0 | D:1      | Yerba the Deep Elf Necromancer began the quest for the Orb.
     0 | D:1      | Reached XP level 1. HP: 10/10 MP: 6/6
   462 | D:1      | Reached skill level 5 in Necromancy
   470 | D:1      | Got the Papyrus of the Fifth Circle
   952 | D:1      | Reached XP level 2. HP: 15/15 MP: 8/8
  1537 | D:1      | Learned a level 2 spell: Momentum Strike
  2240 | D:2      | Found a hide-covered altar of Uskayaw.
  2438 | D:2      | Reached XP level 3. HP: 19/19 MP: 10/10
  2905 | D:2      | Found a runed translucent door.
  2906 | D:2      | Noticed Crazy Yiuf
  2912 | D:2      | Succumbed to Crazy Yiuf's poison

Illustrated notes

Levels and vault maps discovered:
D:1:      erik_arrival_triangle_small, layout_basic, minmay_strange_pillars
D:2:      layout_rooms, basic_altar, kennysheep_nub, uniq_crazy_yiuf_cottage

Skill      XL: |  1  2  3 |
---------------+----------+-----
Necromancy     | 5 |  5.5
Spellcasting   | 4 |  4.0
Dodging        | |  2.5
Stealth        | |  2.5
Conjurations   | |  0.3
Translocations | |  0.3

Action                     || total
---------------------------++-------
   Cast: Necrotise         ||    39
         Momentum Strike   ||    11
 Armour: Robe              ||     7
  Dodge: Dodged            ||     2
